 Dungeon Crawl Stone Soup version 0.28-a0-563-gf77a47075d (webtiles) character file.

Game seed: 755084438621917942

19733 funkygono the Thaumaturge (level 12, 0/62 HPs)
             Began as a Gargoyle Fire Elementalist on Sept 28, 2021.
             Was an Elder of Vehumet.
             Slain by an eight-headed hydra (3 damage)
             ... on level 2 of the Lair of Beasts on Sept 29, 2021.
             The game lasted 00:37:49 (13433 turns).

funkygono the Thaumaturge (GrFE)                   Turns: 13433, Time: 00:37:49

Health: 0/62       AC: 23    Str: 11    XL:     12   Next: 72%
Magic:  23/36      EV: 12    Int: 22    God:    Vehumet [****..]
Gold:   817        SH:  0    Dex: 10    Spells: 10/34 levels left

rFire   . . .      SeeInvis .   v - +2 whip (elec)
rCold   . . .      Faith    .   (no shield)
rNeg    + . .      Spirit   .   b - +3 leather armour
rPois   ∞          Reflect  .   B - +0 helmet
rElec   +          Harm     .   G - +2 cloak
rCorr   .          Rampage  .   (no gloves)
Will    .....                   (no boots)
Stlth   ++........              f - amulet of regeneration
HPRegen 1.20/turn               p - ring of magical power
MPRegen 0.25/turn               M - +4 ring of protection

@: no status effects
A: sickness immunity, AC +8, negative energy resistance 1, electricity
resistance, torment resistance 1, petrification resistance
a: Renounce Religion


You were on level 2 of the Lair of Beasts.
You worshipped Vehumet.
Vehumet was greatly pleased with you.
You visited 3 branches of the dungeon, and saw 12 of its levels.
You also visited: Sewer and Bailey.

You collected 817 gold pieces.

Inventory:

Hand Weapons
 j - a +3 mace
 v - a +2 whip of electrocution (weapon)
 H - a +0 whip of freezing
Armour
 b - a +3 leather armour (worn)
 d - a +1 robe of cold resistance
 r - a +1 leather armour of fire resistance
 B - a +0 helmet (worn)
 F - a +0 hat of see invisible
 G - a +2 cloak (worn)
 I - a +2 robe of willpower
Magical Staves
 g - a staff of cold
 n - a staff of air
 o - a staff of fire
Jewellery
 f - an amulet of regeneration (around neck)
 p - a ring of magical power (left hand)
 A - a +4 ring of slaying
 M - a +4 ring of protection (right hand)
 O - a ring of protection from cold
Wands
 a - a wand of digging (5)
 y - a wand of iceblast (13)
 K - a wand of paralysis (7)
Scrolls
 i - 5 scrolls of teleportation
 m - a scroll of enchant weapon {unknown}
 q - a scroll of blinking
 L - a scroll of magic mapping
 N - a scroll of noise {unknown}
Potions
 c - 4 potions of lignification
 e - 5 potions of curing
 h - 2 potions of haste
 k - 2 potions of invisibility {unknown}
 l - 3 potions of heal wounds {unknown}
 s - 2 potions of ambrosia {unknown}
 t - a potion of mutation {unknown}
 u - 4 potions of might {unknown}
 w - a potion of flight {unknown}
 x - 2 potions of resistance {unknown}
 z - a potion of cancellation {unknown}
 C - 2 potions of brilliance {unknown}
 D - a potion of attraction {unknown}
 E - 2 potions of experience {unknown}
 J - a potion of degeneration {unknown}


   Skills:
 + Level 2.2 Fighting
 + Level 3.0 Maces & Flails
 + Level 4.3 Armour
 + Level 2.7 Dodging
 - Level 2.1 Stealth
 + Level 11.9 Spellcasting
 + Level 9.7 Conjurations
 + Level 11.0 Fire Magic
 * Level 7.7 Earth Magic


You had 10 spell levels left.
You knew the following spells:

 Your Spells              Type           Power      Damage    Failure   Level
a - Foxfire               Conj/Fire      100%       2x1d9     1%          1
b - Scorch                Fire           100%       2d10      1%          2
c - Conjure Flame         Conj/Fire      56%        6-21      1%          3
d - Flame Wave            Conj/Fire      56%        3d10      1%          4
e - Sticky Flame          Conj/Fire      56%        2d7       1%          4
f - Iron Shot             Conj/Erth      25%        9d5       7%          6
g - Hailstorm             Conj/Ice       34%        3d9       2%          4

Your spell library contained the following spells:

 Spells                   Type           Power      Damage    Failure   Level
 Fulminant Prism          Conj/Hex       17%        3d11      2%          4
 Freeze                   Ice            52%        1d7       1%          1
 Shock                    Conj/Air       100%       1d9       1%          1
 Inner Flame              Hex/Fire       37%        N/A       1%          3
 Iskenderun's Battlesphe  Conj           54%        2d10      1%          5
 Frozen Ramparts          Ice            26%        1d4       5%          3
 Summon Small Mammal      Summ           52%        N/A       6%          1
 Blink                    Tloc           N/A        N/A       10%         2
 Ensorcelled Hibernation  Hex/Ice        26%        N/A       10%         2
 Airstrike                Air            6%         N/A       17%         4
 Call Canine Familiar     Summ           13%        N/A       19%         3
 Spider Form              Tmut/Pois      6%         N/A       19%         3
 Summon Guardian Golem    Hex/Summ       13%        N/A       19%         3
 Swiftness                Air            13%        N/A       19%         3
 Spellforged Servitor     Conj/Summ      17%        N/A       83%         7
 Manifold Assault         Tloc           13%        N/A       87%         5
 Storm Form               Tmut/Air       6%         N/A       100%        7
 Borgnjor's Revivificati  Necr           6%         N/A       100%        8
 Necromutation            Tmut/Necr      6%         N/A       100%        8
 Death's Door             Necr           6%         N/A       100%        9


Dungeon Overview and Level Annotations

Branches:
Dungeon (9/15)             Temple (1/1) D:5            Lair (2/6) D:9
  Sewer (visited)          Bailey (visited)
  Swamp: Lair:2-4    Shoals: Lair:2-4     Snake: Lair:2-4    Spider: Lair:2-4
    Orc: D:9-12

Altars:
Ashenzari
Cheibriados
Dithmenos
Elyvilon
Fedhas
Gozag
Hepliaklqana
Kikubaaqudgha
Makhleb
Nemelex Xobeh
Okawaru
Qazlal
Sif Muna
Trog
Uskayaw
Vehumet
Wu Jian
Xom
Zin
The Shining One

Annotations:
D:4 2 runed translucent doors
D:6 3 runed translucent doors, trm's ghost, novice OpCj
D:8 1 runed translucent door, sn0wgr3's ghost, novice MiFi


Innate Abilities, Weirdness & Mutations

You are immune to sickness and miasma.
Your stone body is resilient. (AC +8)
You are immune to poison.
You resist negative energy. (rN+)
You are resistant to electric shocks. (rElec)
You are resistant to unholy torment.
You are immune to petrification.


Message History

The eight-headed hydra closely misses you.
Casting: Sticky Flame (safe; 1% risk of failure)
Confirm with . or Enter, or press ? or * to list all spells.
Casting: Flame Wave (safe; 1% risk of failure)
Press: ? - help, Dir - look around, f - activate Look: a swamp worm (almost dead)
A wave of flame ripples out!
The flame wave engulfs the swamp worm!
You kill the swamp worm!
Vehumet accepts your kill.
The flame wave engulfs the eight-headed hydra!
The eight-headed hydra is burned terribly!
The eight-headed hydra is severely wounded.
The tree burns like a torch! (Press . to intensify the flame waves.)
The eight-headed hydra burns!
The eight-headed hydra is no longer more vulnerable to fire.
The eight-headed hydra bites you. The eight-headed hydra bites you!
The eight-headed hydra closely misses you.
The eight-headed hydra misses you.
The eight-headed hydra bites you but does no damage.
The eight-headed hydra completely misses you.
The eight-headed hydra bites you but does no damage. x2
The four-headed hydra is engulfed in a forest fire.
The four-headed hydra misses you. The four-headed hydra bites you!
* * * LOW HITPOINT WARNING * * *
The four-headed hydra barely misses you.
The four-headed hydra completely misses you.
Your Fire Magic skill increases to level 11!
The eight-headed hydra burns!
The eight-headed hydra is engulfed in blazing flames.
The eight-headed hydra closely misses you.
The eight-headed hydra bites you but does no damage. x2
The eight-headed hydra bites you.
* * * LOW HITPOINT WARNING * * *
The eight-headed hydra bites you.
* * * LOW HITPOINT WARNING * * *
The eight-headed hydra bites you.
* * * LOW HITPOINT WARNING * * *
The eight-headed hydra bites you.
You die...

♣♣♣.. ♣♣♣.........
♣♣§§§ ...♣♣########
♣§§§♣♣...♣ ##
♣♣§§§≈≈.§♣ #.
♣§§§§≈≈≈§§ ##
♣.§§§≈≈§§§ ### #
♣.§D§♣ ♣##P###
♣♣D§§♣ ♣♣#.#..#.
♣§@§♣♣♣ ♣........
♣§§§§.♣♣♣♣♣........
♣♣♣♣...♣♣..........
♣♣≈≈≈≈...♣♣.........
♣≈≈≈≈≈≈≈♣♣♣..#..####
♣≈≈≈≈≈≈≈≈♣♣..####
♣≈≈≈≈≈≈...♣♣.#
♣♣♣♣♣♣♣..♣♣†.#
♣......#


You could see an eight-headed hydra (burning) and a four-headed hydra.

Vanquished Creatures
  Gastronok (Lair:1)
  Fannar (Lair:1)
  2 hydras
  A catoblepas (Lair:2)
  A centaur warrior (D:7)
  A two-headed ogre (D:8)
  Erica (D:8)
  Sonja (Lair:1)
  Pikel (D:8)
  2 oklob plants (Lair:1)
  2 black mambas (Lair:2)
  5 cane toads
  Joseph (D:7)
  2 rime drakes
  4 komodo dragons (Lair:2)
  Prince Ribbit (D:7)
  Sigmund (D:6)
  A wyvern (D:9)
  18 yaks
  A swamp worm (Lair:2)
  11 water moccasins
  An acid dragon (D:9)
  6 orc warriors
  2 sky beasts
  3 black bears
  An ice beast (D:7)
  A hornet zombie (D:7)
  3 ogres
  4 centaurs
  A lemure (D:8)
  A phantom (D:3)
  3 kobold brigands (D:8)
  4 bullfrogs
  2 scorpions
  4 killer bees (D:8)
  8 wights
  An electric eel (D:8)
  5 howler monkeys
  A bullfrog zombie (D:5)
  2 centaur zombies
  An iron imp (D:9)
  A gnoll shaman (D:8)
  2 jellies (D:6)
  Crazy Yiuf (D:7)
  6 orc priests
  6 iguanas
  2 scorpion zombies (D:5)
  7 orc wizards
  A killer bee zombie (D:7)
  A hound skeleton (D:3)
  A howler monkey zombie (D:9)
  11 gnolls
  A river rat (D:6)
  5 adders
  2 ufetubi
  A worm (D:3)
  A dart slug (D:2)
  29 orcs
  6 ball pythons
  7 bats
  2 endoplasms
  3 giant cockroaches
  9 goblins
  5 hobgoblins
  2 jackals (Sewer)
  28 kobolds
  9 quokkas
  A frilled lizard (D:1)
  8 rats
271 creatures vanquished.

Vanquished Creatures (collateral kills)
  5 foxfires
5 creatures vanquished.

Vanquished Creatures (others)
  1072 foxfires
  5 fungi
  7 plants
1084 creatures vanquished.

Grand Total: 1360 creatures vanquished

Notes
Turn   | Place    | Note
-------+----------+-------------------------------------------
     0 | D:1      | funkygono the Gargoyle Fire Elementalist began the quest
                  | for the Orb.
     0 | D:1      | Reached XP level 1. HP: 10/10 MP: 3/3
   269 | D:1      | Reached XP level 2. HP: 15/15 MP: 1/5
   486 | D:1      | Learned a level 2 spell: Scorch
   903 | D:1      | Reached XP level 3. HP: 19/19 MP: 1/6
  1240 | D:2      | Found a faded altar of an unknown god.
  2194 | D:3      | Reached XP level 4. HP: 24/24 MP: 4/7
  2198 | D:3      | Learned a level 3 spell: Conjure Flame
  2497 | D:3      | Reached skill level 1 in Armour
  2570 | D:3      | Reached XP level 5. HP: 28/28 MP: 2/9
  3453 | D:4      | Found a large runed translucent door.
  3453 | D:4      | Found a large runed translucent door.
  3600 | D:4      | Noticed a phantom
  3842 | D:3      | Killed a phantom
  3843 | D:3      | Reached XP level 6. HP: 30/32 MP: 3/11
  3911 | D:3      | Learned a level 4 spell: Flame Wave
  4348 | D:4      | Reached skill level 5 in Fire Magic
  4610 | D:4      | Reached XP level 7. HP: 36/36 MP: 10/13
  4869 | D:5      | Entered Level 5 of the Dungeon
  5165 | D:5      | Reached skill level 5 in Spellcasting
  5201 | D:5      | Reached skill level 1 in Maces & Flails
  5244 | D:5      | Found a staircase to the Ecumenical Temple.
  5253 | Temple   | Entered the Ecumenical Temple
  5346 | Temple   | Became a worshipper of Vehumet
  5703 | D:5      | Learned a level 6 spell: Iron Shot
  5831 | D:6      | Reached XP level 8. HP: 41/41 MP: 15/15
  5935 | D:6      | Noticed Sigmund
  5940 | D:6      | Killed Sigmund
  6018 | D:6      | Found a glowing golden altar of the Shining One.
  6040 | D:6      | Found a glowing drain.
  6068 | Sewer    | Entered a sewer
  6265 | D:6      | Found a stormy altar of Qazlal.
  6301 | D:6      | Found a runed translucent gate.
  6302 | D:6      | Found a runed translucent gate.
  6303 | D:6      | Found a runed translucent gate.
  6459 | D:6      | Reached skill level 5 in Conjurations
  6612 | D:6      | Reached XP level 9. HP: 45/45 MP: 18/18
  6729 | D:6      | Noticed trm's ghost (novice OpCj)
  6902 | D:6      | Reached skill level 1 in Earth Magic
  7076 | D:7      | Reached * piety under Vehumet
  7076 | D:7      | Offered knowledge of Freeze by Vehumet.
  7495 | D:7      | Noticed Joseph
  7507 | D:7      | Killed Joseph
  7619 | D:7      | Noticed Prince Ribbit
  7626 | D:7      | Killed Prince Ribbit
  7627 | D:7      | Reached skill level 1 in Fighting
  7705 | D:7      | Reached XP level 10. HP: 27/52 MP: 21/21
  7945 | D:7      | Found a runed translucent door.
  7946 | D:7      | Noticed Crazy Yiuf
  7951 | D:7      | Killed Crazy Yiuf
  7997 | D:8      | Noticed Pikel
  8007 | D:8      | Killed Pikel
  8047 | D:8      | Noticed a centaur warrior
  8063 | D:7      | Killed a centaur warrior
  8063 | D:7      | Offered knowledge of Shock by Vehumet.
  8195 | D:8      | Reached ** piety under Vehumet
  8479 | D:8      | Found a flagged portal.
  8494 | Bailey   | Entered a bailey
  8494 | Bailey   | Noticed an orc knight
  8505 | Bailey   | Noticed an orc knight
  8505 | Bailey   | HP: 2/52 [orc warrior/bolt (17)]
  8506 | Bailey   | Noticed an orc knight
  8622 | D:8      | Found an ancient bone altar of Kikubaaqudgha.
  8639 | D:8      | Noticed Erica
  8648 | D:8      | Offered knowledge of Static Discharge by Vehumet.
  8649 | D:8      | Killed Erica
  8913 | D:8      | Noticed a two-headed ogre
  8917 | D:8      | Killed a two-headed ogre
  8918 | D:8      | Reached XP level 11. HP: 30/56 MP: 23/24
  8929 | D:8      | Reached *** piety under Vehumet
  9073 | D:8      | Found a runed translucent door.
  9074 | D:8      | Noticed sn0wgr3's ghost (novice MiFi)
  9290 | D:8      | Upgraded the game from 0.28-a0-537-g3bccd9ccbf to
                  | 0.28-a0-556-gab23d0e057
  9436 | D:9      | Reached skill level 5 in Earth Magic
  9596 | D:9      | Offered knowledge of Sticky Flame by Vehumet.
  9740 | D:9      | Reached skill level 10 in Fire Magic
  9829 | D:9      | Learned a level 4 spell: Sticky Flame
  9862 | D:9      | Found a staircase to the Lair.
 10174 | D:9      | Found a snail-covered altar of Cheibriados.
 10581 | D:9      | Learned a level 4 spell: Hailstorm
 10584 | Lair:1   | Entered Level 1 of the Lair of Beasts
 10656 | Lair:1   | Noticed a six-headed hydra
 10671 | Lair:1   | Killed a six-headed hydra
 10672 | Lair:1   | Reached skill level 10 in Spellcasting
 10757 | Lair:1   | HP: 2/56 [yak (13)]
 10759 | Lair:1   | Noticed Fannar
 10761 | Lair:1   | Noticed Sonja
 10800 | Lair:1   | Killed Sonja
 10822 | Lair:1   | Killed Fannar
 11052 | Lair:1   | Noticed Gastronok
 11081 | Lair:1   | Killed Gastronok
 11081 | Lair:1   | Reached **** piety under Vehumet
 11082 | Lair:1   | Reached XP level 12. HP: 51/62 MP: 7/26
 11417 | Lair:1   | Found a blossoming altar of Fedhas.
 11948 | Lair:1   | Upgraded the game from 0.28-a0-556-gab23d0e057 to
                  | 0.28-a0-563-gf77a47075d
 12392 | Lair:2   | Offered knowledge of Fulminant Prism by Vehumet.
 12592 | Lair:2   | Noticed a five-headed hydra
 12610 | Lair:2   | Killed a five-headed hydra
 12849 | Lair:2   | Noticed a catoblepas
 12858 | Lair:2   | Killed a catoblepas
 13425 | Lair:2   | Noticed an eight-headed hydra
 13426 | Lair:2   | Noticed a four-headed hydra
 13433 | Lair:2   | HP: 3/62 [eight-headed hydra (4)]
 13433 | Lair:2   | Slain by an eight-headed hydra

Illustrated notes

Levels and vault maps discovered:
D:1:      zelgadis_glass_arrival_small, layout_basic
D:2:      layout_loops_ring, hellmonk_ecumenical_altar_lost_god
D:3:      layout_basic
D:4:      layout_basic, jmf_multi_god_temple2
D:5:      layout_rooms, minmay_temple_entry_tees, hangedman_decor_slide_cut
D:6:      layout_gridville, nicolae_qazlal_general_emergency,
          lemuel_doored_altar, gammafunk_ghost_necromancy, portal_sewer_entry_a,
          uniq_sigmund
D:7:      layout_cave_pools, enter_ossuary_3, hangedman_abyss_or_decor_slice,
          uniq_joseph, uniq_prince_ribbit1, uniq_crazy_yiuf_cottage
D:8:      layout_loops_ring, mainiacjoe_overflow_paths,
          ebering_ghost_reflecting_pool, enter_bailey_4, nicolae_lava_and_water,
          uniq_erica, uniq_pikel
D:9:      layout_roguey, chei_slow_surprise, david_lair_generic,
          chequers_serial_rivers_micro_c
Temple:   lightli_temple_of_artemis
Lair:1:   layout_chaotic_city, hangedman_tree_tricks, uniq_fannar, uniq_sonja,
          uniq_gastronok
Lair:2:   layout_chaotic_city, palyth_hydra_swamp_entry

Skill      XL: |  1  2  3  4  5  6  7  8  9 10 11 12 |
---------------+-------------------------------------+-----
Conjurations   | 2 3 5 7 9 |  9.7
Armour         | 1 2 3 4 |  4.3
Spellcasting   | 3 4 5 6 7 9 10 11 | 11.9
Fire Magic     | 4 5 6 8 9 10 11 | 11.0
Maces & Flails | 1 2 3 |  3.0
Earth Magic    | 3 4 6 7 |  7.7
Fighting       | 1 2 |  2.2
Dodging        | 2 |  2.7
Stealth        | |  2.1

Action                   |  1- 3 |  4- 6 |  7- 9 | 10-12 || total
-------------------------+-------+-------+-------+-------++-------
Melee: Whip              |     8 |       |    20 |    50 ||    78
       Mace              |     4 |     3 |     6 |       ||    13
 Cast: Foxfire           |    66 |    87 |   198 |   298 ||   649
       Scorch            |       |    12 |    37 |    60 ||   109
       Conjure Flame     |       |     1 |       |     1 ||     2
       Flame Wave        |       |       |       |    16 ||    16
       Sticky Flame      |       |       |       |     9 ||     9
       Iron Shot         |       |       |       |    21 ||    21
Evoke: Wand              |       |       |       |     1 ||     1
  Use: Scroll            |     2 |     1 |     4 |     2 ||     9
Armor: Leather armour    |    13 |    11 |    34 |   109 ||   167
Dodge: Dodged            |    14 |    23 |    47 |   114 ||   198

Table legend: (Time is in decaauts)
 A = Elapsed time spent in this place.
 B = Non-inter-level travel time spent in this place.
 C = Inter-level travel time spent in this place.
 D = Time resting spent in this place.
 E = Time spent auto-exploring this place.
 F = Levels seen in this place.
 G = Mean time per level.
                   A        B        C        D        E       F      G
               +--------+--------+--------+--------+--------+-----+--------+
         Total |  13458 |  13157 |    301 |   1181 |   9319 |  14 |  961.3 |
       Dungeon |  10326 |  10122 |    204 |    903 |   7158 |   9 | 1147.3 |
        Temple |    113 |     93 |     20 |      0 |     79 |   1 |  113.0 |
          Lair |   2836 |   2760 |     76 |    278 |   1953 |   2 | 1418.0 |
         Sewer |    167 |    167 |      0 |      0 |    128 |   1 |  167.0 |
        Bailey |     14 |     14 |      0 |      0 |      0 |   1 |   14.0 |
               +--------+--------+--------+--------+--------+-----+--------+

Top non-repeatable levels by time:
     D:3: 1448 daAuts
  Lair:1: 1438 daAuts
     D:4: 1416 daAuts
  Lair:2: 1397 daAuts
     D:9: 1300 daAuts
     D:6: 1282 daAuts
     D:1: 1237 daAuts
     D:8: 1165 daAuts
     D:7: 964 daAuts
     D:2: 863 daAuts
     D:5: 648 daAuts
   Sewer: 167 daAuts
  Temple: 113 daAuts
  Bailey: 14 daAuts
